 Dungeon Crawl Stone Soup version 0.26.1-2-gb8aa6d0cf2 (webtiles) character file.

Game seed: 340299141232885954

3716 littlecub the Arsonist (level 9, -1/75 HPs)
             Began as a Red Draconian Fire Elementalist on Feb 9, 2021.
             Was a Follower of Vehumet.
             Slain by Harold
             ... wielding a +0 dire flail
              (13 damage)
             ... on level 7 of the Dungeon.
             The game lasted 00:29:26 (10788 turns).

littlecub the Arsonist (DrFE)                      Turns: 10788, Time: 00:29:26

Health: -1/75      AC: 10    Str: 13    XL:     9   Next: 91%
Magic:  3/16       EV: 14    Int: 16    God:    Vehumet [*.....]
Gold:   609        SH:  0    Dex: 12    Spells: 5/18 levels left

rFire    + . .     SeeInvis .   f - +0 short sword (holy)
rCold    . . .     Faith    .   (no shield)
rNeg     . . .     Spirit   .   (armour unavailable)
rPois    +         Reflect  .   (helmet restricted)
rElec    .         Harm     .   o - +2 cloak {rPois}
rCorr    .         Rampage  .   (no gloves)
Will     +....                  (no boots)
Stlth    +++.......             (no amulet)
HPRegen  0.22/turn              s - ring of willpower
MPRegen  0.15/turn              x - ring of stealth

@: marked
A: breathe fire, unfitting armour, fire resistance 1, cold-blooded, AC +7
a: Breathe Fire, Renounce Religion


You were on level 7 of the Dungeon.
You worshipped Vehumet.
Vehumet was aware of your devotion.
You visited 2 branches of the dungeon, and saw 9 of its levels.

You collected 609 gold pieces.

Inventory:

Hand Weapons
 f - a +0 short sword of holy wrath (weapon)
Missiles
 j - 2 atropa-tipped darts
Armour
 o - a +2 cloak of poison resistance (worn)
 t - a scarf of resistance
Jewellery
 s - a ring of willpower (left hand)
 x - a ring of stealth (right hand)
Scrolls
 a - 3 scrolls of remove curse
 b - 4 scrolls of teleportation
 d - a scroll of enchant armour {unknown}
 e - 2 scrolls of amnesia
 h - 2 scrolls of fear
 k - 2 scrolls of blinking
 l - a scroll of immolation
 m - 3 scrolls of fog
 p - a scroll of magic mapping
 y - a scroll of acquirement {unknown}
Potions
 c - a potion of mutation {unknown}
 g - 2 potions of curing
 i - 2 potions of lignification {unknown}
 n - 2 potions of degeneration {unknown}
 q - 3 potions of might {unknown}
 r - 3 potions of cancellation {unknown}
 v - 3 potions of flight {unknown}
 w - a potion of haste {unknown}
 z - a potion of resistance {unknown}


   Skills:
 + Level 5.9 Fighting
 + Level 5.3 Dodging
 - Level 1.7 Stealth
 + Level 5.2 Spellcasting
 * Level 7.7 Conjurations
 * Level 9.5 Fire Magic


You had 5 spell levels left.
You knew the following spells:

 Your Spells              Type           Power        Failure   Level
a - Foxfire               Conj/Fire      100%         1%          1
b - Conjure Flame         Conj/Fire      31%          1%          3
c - Fireball              Conj/Fire      15%          12%         5
d - Sticky Flame          Conj/Fire      31%          4%          4

Your spell library contained the following spells:

 Spells                   Type           Power        Failure   Level
 Sandblast                Erth           8%           16%         1
 Inner Flame              Hex/Fire       19%          6%          3
 Animate Skeleton         Necr           8%           16%         1
 Pain                     Necr           16%          16%         1
 Passwall                 Tmut/Erth      3%           22%         2
 Swiftness                Air            4%           22%         2
 Vampiric Draining        Necr           2%           41%         3
 Animate Dead             Necr           2%           83%         4
 Passage of Golubria      Tloc           N/A          83%         4
 Agony                    Necr           4%           99%         5
 Lee's Rapid Deconstruct  Erth           2%           99%         5
 Invisibility             Hex            4%           100%        6


Dungeon Overview and Level Annotations

Branches:
Dungeon (8/15)             Temple (1/1) D:5
   Lair: D:8-11

Altars:
Ashenzari
Cheibriados
Dithmenos
Elyvilon
Gozag
Hepliaklqana
Kikubaaqudgha
Nemelex Xobeh
Okawaru
Qazlal
Ru
Sif Muna
Trog
Uskayaw
Vehumet
Wu Jian
Xom
Yredelemnul
The Shining One

Shops:
D:7 =

Annotations:
D:7 Harold


Innate Abilities, Weirdness & Mutations

You can breathe blasts of fire.
Your fiery red scales are hard. (AC +7)
You cannot fit into any form of body armour.
Your flesh is heat resistant. (rF+)
You are cold-blooded and may be slowed by cold attacks.


Message History

Casting: Foxfire (safe; 1% risk of failure)
Press: ? - help, Q - select action, (/) - cycle Dir - look around, f - activate You conjure some foxfire!
Harold burns!
Harold hits you with a +0 dire flail.
* * * LOW HITPOINT WARNING * * *
You hit Harold. You tail-slap Harold, but do no damage.
Harold is almost dead.
Harold burns!
Harold stops burning.
The foxfire hits Harold.
Harold is almost dead.
The foxfire hits Harold but does no damage.
Harold is almost dead.
Harold hits you with a +0 dire flail!
* * * LOW HITPOINT WARNING * * *
You feel better.
Drop what? 25/52 slots (_ for help) (? for menu, Esc to quit)
Okay, then.
You feel better. Harold hits you with a +0 dire flail!
* * * LOW HITPOINT WARNING * * *
You feel better. Harold hits you with a +0 dire flail!
You die...

.......#......................#.)
.................................
.)...............................
#######..........................
..# #..........................
..# #.......................)..
.)### #.......................##.
....# ##.......@......#.....#####
..#.## ##.....##@....##....##....
..#..#####..#####.####....###....
..##...####.## #.........####....
....##..###..###.#........##.....
###..............#...............
# #####..###..#..........#.......
## ##..###.##.................
.## ##.###(##.................
..### #..##.#...#.#..#.......##


You could see Harold.

Vanquished Creatures
  Pikel (D:4)
  A water moccasin (D:6)
  4 orc warriors
  An ice beast (D:5)
  A sky beast (D:6)
  2 ogres
  A necrophage (D:5)
  3 phantoms
  A lemure (D:5)
  3 bullfrogs
  A scorpion (D:8)
  11 wights
  8 killer bees
  A bullfrog zombie (D:8)
  2 bullfrog skeletons
  2 centaur skeletons
  2 jellies (D:8)
  Crazy Yiuf (D:2)
  4 hounds
  An orc priest (D:5)
  5 orc wizards
  4 iguanas
  5 worker ants
  A worker ant zombie (D:7)
  A hound skeleton (D:4)
  5 gnolls
  11 adders
  A shadow imp (D:7)
  A white imp (D:7)
  An ufetubus (D:6)
  An ooze (D:1)
  2 worms
  3 dart slugs
  6 leopard geckos
  22 orcs
  2 ball pythons (D:4)
  8 giant cockroaches
  5 goblins (D:3)
  6 hobgoblins
  14 jackals
  2 quokkas
  9 bats
  3 frilled lizards
  A kobold (D:3)
  A quokka skeleton (D:4)
  7 rats
178 creatures vanquished.

Vanquished Creatures (others)
  692 foxfires
692 creatures vanquished.

Grand Total: 870 creatures vanquished

Notes
Turn   | Place    | Note
-------+----------+-------------------------------------------
     0 | D:1      | littlecub the Draconian Fire Elementalist began the quest
                  | for the Orb.
     0 | D:1      | Reached XP level 1. HP: 14/14 MP: 3/3
   214 | D:1      | Reached XP level 2. HP: 22/22 MP: 0/5
   680 | D:1      | Reached skill level 1 in Fighting
   819 | D:1      | Reached XP level 3. HP: 28/28 MP: 2/6
  1264 | D:2      | Reached XP level 4. HP: 18/35 MP: 1/7
  1965 | D:2      | Found a bloodstained altar of Trog.
  2256 | D:2      | Found a runed translucent door.
  2257 | D:2      | Noticed Crazy Yiuf
  2275 | D:2      | Killed Crazy Yiuf
  2482 | D:3      | Reached XP level 5. HP: 41/41 MP: 4/8
  2556 | D:3      | Learned a level 3 spell: Conjure Flame
  2562 | D:3      | Learned a level 5 spell: Fireball
  4225 | D:4      | Reached skill level 4 in Fire Magic
  4225 | D:4      | Reached XP level 6. HP: 48/50 MP: 5/10
  4717 | D:4      | Found a stormy altar of Qazlal.
  5018 | D:5      | Entered Level 5 of the Dungeon
  5042 | D:5      | Found a staircase to the Ecumenical Temple.
  5049 | Temple   | Entered the Ecumenical Temple
  5117 | Temple   | Became a worshipper of Vehumet
  5319 | D:5      | Found a white marble altar of Elyvilon.
  5345 | D:5      | Noticed an ice beast
  5353 | D:5      | Killed an ice beast
  5354 | D:5      | Your scales start taking on a fiery red colour.
  5354 | D:5      | Reached skill level 5 in Fire Magic
  5354 | D:5      | Reached XP level 7. HP: 57/57 MP: 3/11
  5354 | D:5      | Gained mutation: Your flesh is heat resistant. (rF+) [Red
                  | Draconian growth]
  5723 | D:5      | Found an ornate altar of the Wu Jian Council.
  5944 | D:5      | Reached skill level 6 in Fire Magic
  6252 | D:5      | Found a stormy altar of Qazlal.
  6339 | D:5      | Found a shadowy altar of Dithmenos.
  6707 | D:6      | Found an iron altar of Okawaru.
  6712 | D:6      | Noticed Pikel
  7122 | D:6      | Reached skill level 5 in Conjurations
  7122 | D:6      | Reached XP level 8. HP: 56/66 MP: 5/13
  7461 | D:4      | Killed Pikel
  7462 | D:4      | Reached skill level 7 in Fire Magic
  7754 | D:6      | You fall into a shaft and drop 2 floors!
  7790 | D:8      | Found a bloodstained altar of Trog.
  7833 | D:8      | Reached skill level 8 in Fire Magic
  7833 | D:8      | Reached XP level 9. HP: 24/72 MP: 3/15
  8098 | D:8      | Reached skill level 5 in Fighting
  8200 | D:8      | Found an ancient bone altar of Kikubaaqudgha.
  8201 | D:8      | Found a hide-covered altar of Uskayaw.
  8902 | D:7      | Found Tariv's Jewellery Shop.
  9338 | D:7      | Reached * piety under Vehumet
  9338 | D:7      | Offered knowledge of Sandblast by Vehumet.
  9339 | D:7      | Reached skill level 5 in Dodging
  9351 | D:7      | Reached skill level 9 in Fire Magic
  9609 | D:7      | Reached skill level 5 in Spellcasting
 10088 | D:6      | Found a shimmering blue altar of Sif Muna.
 10290 | D:6      | Learned a level 4 spell: Sticky Flame
 10751 | D:8      | Noticed Harold
 10788 | D:7      | Slain by Harold

Illustrated notes

Levels and vault maps discovered:
D:1:      erik_arrival_orb_chamber, layout_loops_ring
D:2:      layout_loops_cross, overflow_temple_1_default, uniq_crazy_yiuf_cottage
D:3:      layout_basic, kennysheep_doodads
D:4:      layout_rooms, kennysheep_mini_moat, st_stairs_5, saegor_snake_ambush
D:5:      layout_loops_ring, lemuel_round_altar, elyvilon_altar_5,
          nzn_wu_jian_contemplation, minmay_temple_entry_arrows,
          roderic_serpentine_path, nicolae_qazlal_eye_of_the_storm
D:6:      minmay_inner_zag, layout_gridville, nicolae_overflow_crystal_walls,
          basic_altar, minivault_11, uniq_pikel
D:7:      layout_rooms, serial_shops, shop
D:8:      layout_rooms, minitemple, serial_rivers,
          chequers_serial_rivers_small_3, chequers_serial_rivers_micro_d,
          chequers_serial_rivers_marsh, chequers_serial_rivers_micro_c,
          amcnicky_altar_gilded, uniq_harold
Temple:   minmay_temple_bridge_abc

Skill      XL: |  1  2  3  4  5  6  7  8  9 |
---------------+----------------------------+-----
Dodging        | 2 3 4 5 |  5.3
Fighting       | 1 2 3 4 5 |  5.9
Conjurations   | 2 3 4 5 6 7 |  7.7
Fire Magic     | 4 5 6 8 9 |  9.5
Spellcasting   | 3 4 5 |  5.2
Stealth        | |  1.7

Action                   |  1- 3 |  4- 6 |  7- 9 || total
-------------------------+-------+-------+-------++-------
Melee: Unarmed           |    14 |       |       ||    14
       Tailslap          |    11 |     5 |    26 ||    42
       Short sword       |    36 |    95 |   197 ||   328
 Cast: Foxfire           |    51 |   131 |   255 ||   437
       Conjure Flame     |       |     4 |     2 ||     6
       Sticky Flame      |       |       |     5 ||     5
       Fireball          |       |       |     4 ||     4
 Abil: Breathe Fire      |       |       |     2 ||     2
  Use: Scroll            |       |     1 |    10 ||    11
       Potion            |       |       |     8 ||     8
 Stab: Sleeping          |       |     4 |     2 ||     6
       Distracted        |       |       |     1 ||     1
Armor: Skin              |    23 |    42 |   110 ||   175
Dodge: Dodged            |    49 |    79 |   286 ||   414
